 Dungeon Crawl Stone Soup version 0.21.1-1-g345015f (webtiles) character file.

1052 tkdonut the Slasher (level 8, -2/67 HPs)
             Began as a Minotaur Fighter on June 30, 2018.
             Slain by sefi's ghost (4 damage)
             ... on level 6 of the Dungeon.
             The game lasted 00:15:27 (4631 turns).

tkdonut the Slasher (Minotaur Fighter)              Turns: 4631, Time: 00:15:28

Health: -2/67      AC: 12    Str: 21    XL:     8   Next: 5%
Magic:  0/7        EV:  9    Int:  5    God:
Gold:   178        SH: 10    Dex: 12    Spells: 6/7 levels left

rFire    . . .     SeeInvis .   a - +0 long sword
rCold    . . .     Gourm    .   c - +0 shield
rNeg     . . .     Faith    .   b - +0 scale mail
rPois    .         Spirit   +   C - +2 hat
rElec    .         Reflect  .   n - scarf {Spirit}
rCorr    +         Harm     .   g - +0 pair of gloves
MR       .....                  v - +0 pair of boots
Stlth    ..........             (no amulet)
HPRegen  0.21/turn              p - ring of resist corrosion
MPRegen  0.10/turn              (no ring)

@: no status effects
A: retaliatory headbutt, horns 2
a: no special abilities


You were on level 6 of the Dungeon.
You were not hungry.

You visited 1 branch of the dungeon, and saw 6 of its levels.

You collected 295 gold pieces.
You spent 117 gold pieces at shops.

Inventory:

Hand Weapons
 a - a +0 long sword (weapon)
Armour
 b - a +0 scale mail (worn)
 c - a +0 shield (worn)
 g - a +0 pair of gloves (worn)
 n - a scarf of spirit shield (worn)
 v - a +0 pair of boots (worn)
 C - a +2 hat (worn)
Jewellery
 p - a ring of resist corrosion (left hand)
Wands
 t - a wand of polymorph (13)
 x - a wand of paralysis (30)
Scrolls
 e - 2 scrolls of enchant armour {unknown}
 j - 3 scrolls of teleportation
 k - 3 scrolls of fear
 q - 2 scrolls of magic mapping {unknown}
 r - a scroll of enchant weapon {unknown}
 w - 2 scrolls of amnesia {unknown}
 B - a scroll of random uselessness {unknown}
 D - a scroll of fog {unknown}
Potions
 d - a potion of might
 h - 4 potions of lignification
 i - 4 potions of curing
 l - a potion of heal wounds {unknown}
 m - a potion of degeneration {unknown}
 o - 3 potions of mutation
 u - a potion of brilliance {unknown}
 z - 2 potions of haste {unknown}
 A - a potion of agility {unknown}
Books
 s - Jessica's Catalogue of Execration
   (You found it on level 3 of the Dungeon)

   Spells                             Type                      Level
   a - Confusing Touch                Hexes                        1
   b - Corona                         Hexes                        1
 y - a book of Changes

   Spells                             Type                      Level
   a - Beastly Appendage              Transmutation                1
   b - Sticks to Snakes               Transmutation                2
   c - Spider Form                    Transmutation/Poison         3
   d - Ice Form                       Ice/Transmutation            4
   e - Blade Hands                    Transmutation                5
Comestibles
 f - 10 rations


   Skills:
 + Level 4.9 Fighting
 + Level 7.6 Long Blades
 + Level 6.2 Armour
 + Level 2.7 Dodging
 + Level 0.4 Stealth
 + Level 6.0 Shields


You had 6 spell levels left.
You knew the following spells:

 Your Spells              Type           Power        Failure   Level  Hunger
a - Corona                Hex            #......      99%         1    ##.....


Dungeon Overview and Level Annotations

Branches:
Dungeon (6/15)
 Temple: D:4-7

Altars:
Fedhas
Gozag
Wu Jian

Shops:
D:5 *

Annotations:
D:6 sefi's ghost, novice MfFi


Innate Abilities, Weirdness & Mutations

You reflexively headbutt those who attack you in melee.
You have a pair of horns on your head.


Message History

Sefi's ghost is severely damaged.
You block sefi's ghost's attack. Sefi's ghost hits you!
* * * LOW HITPOINT WARNING * * *
You barely miss sefi's ghost. Your headbutt misses sefi's ghost.
Sefi's ghost is severely damaged.
Sefi's ghost hits you but does no damage.
You feel better. You block sefi's ghost's attack.
You closely miss sefi's ghost.
Sefi's ghost is severely damaged.
Sefi's ghost hits you!
* * * LOW HITPOINT WARNING * * *
You hit sefi's ghost but do no damage.
Sefi's ghost is severely damaged.
Sefi's ghost hits you!
* * * LOW HITPOINT WARNING * * *
You hit sefi's ghost but do no damage.
Sefi's ghost is severely damaged.
Sefi's ghost barely misses you. Sefi's ghost hits you.
You die...

##...$
##########.....
#..............
##....#####..... .
##...### #####.
..#######....# ##
.............###
.........W.....###
..<.....@.........
.......[[....#####
.###....>....#
####......## ..
#...##..## ..#
#..####..## #..#
#..# ##..## #...
....# ##..## #.
....## ##..# #


You could see sefi's ghost.

Vanquished Creatures
  A black bear (D:6)
  3 ogres
  2 bullfrogs
  2 scorpions
  A crimson imp (D:5)
  A jelly (D:5)
  3 orc wizards
  Jessica (D:3)
  A worker ant (D:5)
  A hound skeleton (D:5)
  3 gnolls (D:3)
  13 adders
  2 oozes
  3 worms
  2 dart slugs (D:1)
  2 leopard geckos
  14 orcs
  2 giant cockroaches
  10 goblins
  7 hobgoblins
  7 jackals (D:5)
  10 kobolds
  2 quokkas (D:3)
  2 ball pythons
  7 bats
  3 frilled lizards
  A jackal skeleton (D:5)
  A leopard gecko skeleton (D:4)
  2 leopard gecko zombies (D:5)
  10 rats
119 creatures vanquished.

Notes
Turn   | Place    | Note
-------+----------+-------------------------------------------
     0 | D:1      | tkdonut the Minotaur Fighter began the quest for the Orb.
     0 | D:1      | Reached XP level 1. HP: 19/19 MP: 0/0
   107 | D:1      | Reached skill level 3 in Long Blades
   107 | D:1      | Reached XP level 2. HP: 27/27 MP: 1/1
   587 | D:1      | Reached XP level 3. HP: 29/33 MP: 2/2
  1218 | D:2      | Reached XP level 4. HP: 37/40 MP: 3/3
  1255 | D:2      | Reached skill level 1 in Dodging
  1268 | D:2      | Noticed an ogre
  1279 | D:2      | Killed an ogre
  1279 | D:2      | Reached skill level 4 in Long Blades
  1279 | D:2      | Reached XP level 5. HP: 5/46 MP: 4/4
  1566 | D:2      | Reached skill level 5 in Shields
  1795 | D:2      | Found an ornate altar of the Wu Jian Council.
  2319 | D:3      | Reached skill level 5 in Long Blades
  2353 | D:3      | Reached skill level 5 in Armour
  2353 | D:3      | Reached XP level 6. HP: 52/52 MP: 5/5
  2617 | D:3      | Noticed Jessica
  2623 | D:3      | Killed Jessica
  2637 | D:3      | Identified Jessica's Catalogue of Execration
  2648 | D:3      | Learned a level 1 spell: Corona
  2870 | D:4      | Found a blossoming altar of Fedhas.
  3008 | D:4      | Found an opulent altar of Gozag.
  3468 | D:5      | Entered Level 5 of the Dungeon
  3563 | D:5      | Reached XP level 7. HP: 59/60 MP: 6/6
  3695 | D:5      | Reached skill level 6 in Long Blades
  4105 | D:5      | Reached skill level 7 in Long Blades
  4110 | D:5      | Found Hoasiyck's General Store.
  4193 | D:5      | Bought a scarf of spirit shield for 117 gold pieces
  4560 | D:6      | Reached XP level 8. HP: 67/67 MP: 7/7
  4565 | D:6      | Noticed sefi's ghost (novice MfFi)
  4629 | D:6      | HP: 1/67 [sefi's ghost (12)]
  4631 | D:6      | Slain by sefi's ghost

Skill      XL: |  1  2  3  4  5  6  7 |
---------------+----------------------+-----
Long Blades    | 3 4 5 7 |  7.6
Shields        | 4 5 6 |  6.0
Fighting       | 4 |  4.9
Armour         | 4 5 6 |  6.2
Dodging        | 1 2 |  2.7
Stealth        | |  0.4

Action                   |  1- 3 |  4- 6 |  7- 9 || total
-------------------------+-------+-------+-------++-------
Melee: Long sword        |    87 |   160 |   128 ||   375
       Headbutt          |     9 |    29 |    29 ||    67
  Use: Scroll            |       |       |     5 ||     5
       Potion            |       |       |     1 ||     1
  Eat: Chunk             |       |     9 |     3 ||    12
Armor: Scale mail        |    38 |    85 |    40 ||   163
Dodge: Dodged            |    17 |    53 |    30 ||   100
Block: Shield            |    50 |   107 |    56 ||   213
       Rpst.: Long sword |     6 |    17 |    11 ||    34
